 Dungeon Crawl Stone Soup version 0.30-a0-575-g6f4a10e2d2 (webtiles) character file.

Game seed: 17668867954166519247

100338 Bnni the Marksant (level 16, -3/124 (131) HPs)
             Began as a Formicid Hexslinger on Dec 30, 2022.
             Was the Champion of Dithmenos.
             Killed from afar by a shock serpent (25 damage)
             ... with a bolt of electricity
             ... on level 1 of the Snake Pit.
             The game lasted 01:54:53 (27462 turns).

Bnni the Marksant (Formicid Hexslinger)            Turns: 27462, Time: 01:54:54

HP:   -3/124 (131)  AC:  9    Str: 20    XL:     16   Next: 79%
MP:   20/31         EV: 12    Int: 25    God:    Dithmenos [******]
Gold: 737           SH: 13    Dex: 22    Spells: 5/37 levels left

rFire   + . .      SeeInvis +    q - +0 arbalest
rCold   + + .      Faith    .    p - +2 buckler
rNeg    + + .      Spirit   .    n - +2 robe {rC+ rF+}
rPois   +          Reflect  +    (helmet unavailable)
rElec   .          Harm     .    A - +0 cloak "Olir" {Str+2 Int+4}
rCorr   .          Rampage  +    Q - +2 pair of gloves
Will    +....                    t - +0 pair of boots
Stlth   +                        S - amulet "Oli Ulat" {Reflect Rampage rN+ Dex+4 SH+5}
HPRegen 0.40/turn                R - ring "Juliopt" {rPois Str+4 SInv Stlth-}
MPRegen 0.22/turn                L - ring "Ecimeinuocw" {rC+ rN+ Int+3}

@: portalling projectiles, wreathed by umbra, studying 2 skills, drained
A: permanent stasis, dig shafts and tunnels, antennae 3, four strong arms
a: Dig, Shaft Self, Renounce Religion, Shadow Step, Shadow Form


You were on level 1 of the Snake Pit.
You worshipped Dithmenos.
Dithmenos was exalted by your worship.
You visited 5 branches of the dungeon, and saw 23 of its levels.
You also visited: Bailey and Ice Cave.

You collected 3165 gold pieces.
You spent 2428 gold pieces at shops.

Inventory:

Hand Weapons
 a - a +2 sling of electrocution
 q - a +0 arbalest (weapon)
Missiles
 s - 22 poisoned darts
 D - 3 throwing nets
Armour
 n - a +2 robe of resistance (worn)
 p - a +2 buckler (worn)
 t - a +0 pair of boots (worn)
 A - the +0 cloak "Olir" (worn) {Str+2 Int+4}
   (You bought it in a shop on level 2 of the Dungeon)

   Str:       It affects your strength (+2).
   Int:       It affects your intelligence (+4).
 Q - a +2 pair of gloves (worn)
Jewellery
 E - a ring of flight
 J - the ring of Kindness {rC+ Dex+4}
   (You took it off a centaur on level 11 of the Dungeon)

   [ring of protection from cold]

   Dex:       It affects your dexterity (+4).
   rC:        It protects you from cold.
 L - the ring "Ecimeinuocw" (right hand) {rC+ rN+ Int+3}
   (You bought it in a shop on level 2 of the Orcish Mines)

   [ring of positive energy]

   Int:       It affects your intelligence (+3).
   rC:        It protects you from cold.
   rN:        It protects you from negative energy.
 N - an amulet of regeneration
 R - the ring "Juliopt" (left hand) {rPois Str+4 SInv Stlth-}
   (You found it on level 1 of the Lair of Beasts)

   [ring of see invisible]

   Str:       It affects your strength (+4).
   rPois:     It protects you from poison.
   SInv:      It lets you see invisible.
   Stlth:     It makes you less stealthy.
 S - the amulet "Oli Ulat" (around neck) {Reflect Rampage rN+ Dex+4 SH+5}
   (You found it on level 5 of the Lair of Beasts)

   [amulet of reflection]

   It reflects blocked missile attacks.
   Dex:       It affects your dexterity (+4).
   rN:        It protects you from negative energy.
   SH:        It affects your SH (+5).
   Rampage:   It bestows one free step when moving towards enemies.
 U - the ring "Ufit Eff" {Wiz Int+6 Dex+7}
   (You found it on level 1 of the Snake Pit)

   [ring of wizardry]

   It improves your spell success rate.
   Int:       It affects your intelligence (+6).
   Dex:       It affects your dexterity (+7).
Wands
 k - a wand of paralysis (24)
 w - a wand of iceblast (33)
 H - a wand of polymorph (12)
 I - a wand of acid (21)
 M - a wand of digging (12)
 T - a wand of mindburst (10)
Scrolls
 b - 9 scrolls of poison
 d - 6 scrolls of fog
 i - 8 scrolls of amnesia
 l - 8 scrolls of vulnerability {unknown}
 r - 4 scrolls of fear
 u - 3 scrolls of brand weapon
 y - 2 scrolls of silence
 B - 3 scrolls of magic mapping
 G - 2 scrolls of enchant weapon
 K - 2 scrolls of enchant armour
 O - 2 scrolls of butterflies
Potions
 c - 4 potions of magic
 e - 2 potions of attraction
 f - 3 potions of mutation
 g - 3 potions of lignification
 h - a potion of resistance
 j - 4 potions of curing
 m - 11 potions of might
 o - 4 potions of invisibility
 x - 10 potions of flight
 z - 5 potions of brilliance
 C - 5 potions of heal wounds
 F - 3 potions of cancellation
 P - 4 potions of haste {unknown}
Miscellaneous
 v - a phial of floods


   Skills:
 + Level 13.2 Fighting
 * Level 17.0 Ranged Weapons
 - Level 1.7 Dodging
 - Level 5.0 Shields
 + Level 11.2 Spellcasting
 + Level 15.6 Hexes
 - Level 7.0 Translocations
 - Level 5.0 Transmutations
 - Level 3.0 Fire Magic
 + Level 5.7 Invocations


You had 5 spell levels left.
You knew the following spells:

 Your Spells              Type           Power      Damage    Failure   Level
a - Slow                  Hex            100%       N/A       0%          1
b - Inner Flame           Hex/Fire       57%        N/A       1%          3
c - Portal Projectile     Hex/Tloc       100%       N/A       1%          3
d - Cause Fear            Hex            37%        N/A       1%          4
e - Passage of Golubria   Tloc           49%        N/A       3%          4
g - Summon Guardian Gole  Hex/Summ       52%        N/A       1%          3
i - Yara's Violent Unrav  Hex/Tmut       30%        3d13      1%          5
l - Leda's Liquefaction   Hex/Erth       26%        N/A       1%          4
t - Tukima's Dance        Hex            75%        N/A       1%          3
w - Wereblood             Tmut           39%        N/A       1%          2

Your spell library contained the following spells:

 Spells                   Type           Power      Damage    Failure   Level
 Apportation              Tloc           98%        N/A       1%          1
 Beastly Appendage        Tmut           78%        N/A       1%          1
 Ensorcelled Hibernation  Hex/Ice        100%       N/A       1%          2
 Gell's Gravitas          Tloc           49%        N/A       1%          3
 Lesser Beckoning         Tloc           98%        N/A       1%          3
 Teleport Other           Tloc           49%        N/A       1%          3
 Anguish                  Hex/Necr       26%        N/A       1%          4
 Fulminant Prism          Conj/Hex       26%        3d14      1%          4
 Kindle Blastsparks       Fire/Tloc/Air  60%        2d15      4%          3
 Freeze                   Ice            56%        1d7       5%          1
 Magic Dart               Conj           56%        1d5       5%          1
 Necrotise                Necr           56%        1d6       5%          1
 Shock                    Conj/Air       56%        1d6       5%          1
 Summon Small Mammal      Summ           56%        N/A       5%          1
 Ignite Poison            Fire/Tmut/Pois 27%        N/A       5%          3
 Spider Form              Tmut/Pois      26%        N/A       5%          3
 Cigotuvi's Dreadful Rot  Necr/Pois/Air  28%        N/A       8%          2
 Searing Ray              Conj           28%        2d5       8%          2
 Sublimation of Blood     Necr           14%        N/A       8%          2
 Iskenderun's Mystic Bla  Conj/Tloc      31%        2d8       12%         4
 Call Canine Familiar     Summ           14%        N/A       16%         3
 Frozen Ramparts          Ice            28%        1d5       16%         3
 Hailstorm                Conj/Ice       14%        3d5       16%         3
 Ice Form                 Ice/Tmut       26%        N/A       19%         4
 Petrify                  Tmut/Erth      26%        N/A       19%         4
 Blade Hands              Tmut           19%        N/A       19%         5
 Flame Wave               Conj/Fire      21%        2d8       28%         4
 Sticky Flame             Conj/Fire      21%        2d4       28%         4
 Airstrike                Air            7%         2d(1-17)  45%         4
 Animate Armour           Summ/Erth      28%        N/A       45%         4
 Dispel Undead            Necr           14%        3d10      45%         4
 Irradiate                Conj/Tmut      13%        3d16      45%         5
 Lee's Rapid Deconstruct  Erth           7%         3d6*      82%         5
 Discord                  Hex            37%        N/A       50%         8
 Conjure Ball Lightning   Conj/Air       7%         3x3d6     100%        6
 Death Channel            Necr           7%         N/A       100%        6
 Iron Shot                Conj/Erth      7%         9d2       100%        6
 Simulacrum               Ice/Necr       7%         N/A       100%        6
 Disjunction              Tloc           24%        N/A       100%        8
 Ignition                 Fire           14%        3d6       100%        8
 Swiftness                Air            Unusable   N/A       N/A         3

Dungeon Overview and Level Annotations

Branches:
Dungeon (14/15)            Temple (1/1) D:5            Lair (5/5) D:11
 Shoals (0/4) Lair:2        Snake (1/4) Lair:3        Slime (0/5) Lair:5
    Orc (2/2) D:9             Elf (0/3) Orc:2        Vaults (0/5) D:13
 Bailey (visited)           IceCv (visited)

Altars:
Ashenzari
Cheibriados
Dithmenos
Elyvilon
Fedhas
Gozag
Hepliaklqana
Kikubaaqudgha
Makhleb
Nemelex Xobeh
Okawaru
Qazlal
Ru
Sif Muna
Trog
Uskayaw
Vehumet
Wu Jian
Xom
Yredelemnul
Zin
The Shining One
Jiyva

Shops:
D:2 :[   Orc:2 =[*

Portals:
Pandemonium: Orc:2

Annotations:
D:9 1 runed translucent door


Innate Abilities, Weirdness & Mutations

You cannot be hasted, slowed, berserked, paralysed or teleported.
You can dig through walls and to a lower floor.
You have a pair of large antennae on your head. (SInv)
Your four strong arms can wield two-handed weapons with a shield.


Message History

Aim: a naga warrior, wielding a +0 scimitar (almost dead, misshapen and mutated, umbra, chance to affect: 78%)
The naga warrior is filled with an inner flame.
You block the black mamba's attack. The black mamba bites you!
Casting: Inner Flame (safe; 1% risk of failure)
Confirm with . or Enter, or press ? or * to list all spells.
You begin teleporting projectiles to their destination.
The black mamba misses you. The black mamba bites you.
Fire: q) +0 arbalest
Press: ? - help, Shift-Dir - straight line, f/p - naga warrior
Aim: a naga warrior, wielding a +0 scimitar (almost dead, inner flame, misshapen and mutated, umbra, 80% to hit)
You magically shoot a bolt.
The bolt closely misses the naga warrior.
The sentinel's mark upon you fades away.
The black mamba barely misses you.
A salamander comes into view. It is wielding a +0 trident.
The black mamba closely misses you.
Fire: q) +0 arbalest
Press: ? - help, Shift-Dir - straight line, f/p - naga warrior
Aim: a naga warrior, wielding a +0 scimitar (almost dead, inner flame, misshapen and mutated, umbra, 80% to hit)
You magically shoot a bolt.
The bolt hits the naga warrior!
Flame seeps out of the naga warrior.
The naga warrior is almost dead.
The black mamba barely misses you.
The naga warrior is engulfed in blazing flames.
Dithmenos accepts your kill.
The naga warrior explodes!
The fiery explosion engulfs the naga!!
The naga is almost dead.
The fiery explosion engulfs the shock serpent!!
The shock serpent is almost dead.
The fiery explosion engulfs the black mamba!!!
You kill the black mamba!
Dithmenos accepts your kill.
The shock serpent's electric aura discharges, shocking you!
* * * LOW HITPOINT WARNING * * *
The shock serpent shoots out a bolt of lightning at you!
The bolt of electricity hits you!
* * * LOW HITPOINT WARNING * * *
The bolt of electricity hits you!!
You die...

########).)##....##
#....)....###
#.....#...#####)..########...##
.........## #.#..## #†..#
........### #N#...######...#
#####.###..§###.#..........#.#
###...){{{NS##........#..#
......#N#○##...#####...#
..8...'.#§##...# #...# {
.)....####@#...# #...# NNN.###
###...# #...# .# #...# #...#
#...# #...# ##.. #...# #.###


You could see a salamander, a shock serpent and a naga (strong).

Vanquished Creatures
  The ghost of bezhaha the Eclecticist, an adept DjFE of Gozag (Lair:4)
  The ghost of Ydonikav the Skirmisher, a journeyman GnHu of Hepliaklqana (Lair:3)
  Josephine (D:13)
  2 vault guards (Bailey)
  3 hydras (Lair:4)
  A catoblepas (D:14)
  2 ogre magi (D:13)
  2 demonspawn (Orc:2)
  A merfolk avatar (Lair:5)
  5 centaur warriors
  3 boulder beetles
  3 two-headed ogres
  A naga warrior (Snake:1)
  5 death yaks (Lair:4)
  9 orc high priests (Orc:2)
  A naga sharpshooter (Snake:1)
  A sun demon (Orc:2)
  A soul eater (Orc:2)
  A salamander mystic (Snake:1)
  A deep troll (shapeshifter) (D:13)
  A lindwurm (Lair:2)
  4 orc knights
  2 deep elf pyromancers
  2 ugly things
  4 oklob plants
  2 cyclopes
  3 orc sorcerers (Orc:2)
  2 salamanders (Snake:1)
  4 manticores
  14 elephants
  A naga mage (Snake:1)
  Joseph (D:8)
  Maurice (D:8)
  A smoke demon (Orc:2)
  2 ice statues (IceCv)
  15 cane toads
  A gargoyle (D:13)
  8 black mambas
  Psyche (D:8)
  10 komodo dragons
  9 rime drakes
  An anaconda simulacrum (IceCv)
  5 ice devils (IceCv)
  A hellwing (Orc:2)
  5 trolls
  7 polar bears
  A wind drake (Lair:5)
  Prince Ribbit (Bailey)
  4 slime creatures (D:12)
  2 hornets
  15 blink frogs
  A snapping turtle (Lair:5)
  4 dream sheep
  A shadow (D:11)
  Sigmund (D:4)
  4 vampires
  A dire elephant simulacrum (IceCv)
  3 wyverns
  10 wraiths
  2 basilisks
  48 yaks
  A human (Bailey)
  3 death yak simulacra (IceCv)
  A neqoxec (Orc:2)
  11 vampire mosquitoes
  Grum (D:8)
  4 steam dragons
  Menkaure (D:6)
  4 harpy simulacra (IceCv)
  Edmund (D:5)
  8 water moccasins
  Duvessa (D:6)
  5 nagas
  2 wargs (Orc:2)
  2 hydra simulacra (IceCv)
  6 ice beasts (D:11)
  A sky beast (D:5)
  5 ogres
  28 orc warriors
  A boggart (D:9)
  16 centaurs
  16 wolves
  A phantom (D:5)
  2 kobold brigands
  Blork the orc (D:4)
  20 bullfrogs
  A gnoll sergeant (D:8)
  4 scorpions
  Dowan (D:6)
  6 wights
  5 killer bees (D:9)
  9 electric eels
  5 howler monkeys
  2 hounds
  A jelly (D:6)
  20 orc priests
  2 gnoll boudas
  5 iguanas
  4 hell rats (Lair:1)
  12 orc wizards
  Natasha (thrice) (D:3)
  A polar bear simulacrum (IceCv)
  17 gnolls
  3 adders
  A shadow imp (D:7)
  4 white imps
  2 ufetubi
  A worm (D:4)
  2 dart slugs
  45 orcs
  7 endoplasms
  5 giant cockroaches
  9 goblins
  6 hobgoblins
  7 jackals (D:3)
  3 quokkas
  11 ball pythons
  3 bats (D:1)
  A frilled lizard (D:2)
  6 kobolds
  7 rats
613 creatures vanquished.

Vanquished Creatures (collateral kills)
  A vault guard (D:13)
  5 two-headed ogres
  A naga warrior (Snake:1)
  An orc knight (Orc:2)
  An orc sorcerer (Orc:2)
  A kobold demonologist (D:7)
  An ogre (D:5)
  2 wights (D:9)
  A howler monkey (D:9)
  An orc wizard (D:9)
  A gnoll (D:6)
  3 orcs
  A goblin (Bailey)
20 creatures vanquished.

Vanquished Creatures (others)
  A reaper (IceCv)
  The ghost of Ananasrisotto the Fighter, a journeyman MiHu of Okawaru (D:11)
  A boulder beetle (D:13)
  A centaur warrior (D:13)
  A wizard (D:6)
  An ugly thing (D:12)
  A cyclops (D:9)
  An unseen horror (D:12)
  2 hornets
  2 slime creatures (D:12)
  A dire elephant simulacrum (IceCv)
  2 yaks
  A vampire mosquito (D:13)
  9 dancing weapons
  A hydra simulacrum (IceCv)
  An orc warrior (D:10)
  A black bear (D:6)
  2 wights (D:8)
  An iguana (D:6)
  An orc wizard (D:6)
  2 bushes (Lair:5)
  35 fungi
  74 plants
143 creatures vanquished.

Grand Total: 776 creatures vanquished

Notes
Turn   | Place    | Note
-------+----------+-------------------------------------------
     0 | D:1      | Bnni the Formicid Hexslinger began the quest for the Orb.
     0 | D:1      | Reached XP level 1. HP: 15/15 MP: 2/2
   128 | D:1      | Reached XP level 2. HP: 21/21 MP: 3/3
   470 | D:1      | Reached XP level 3. HP: 26/26 MP: 4/4
   474 | D:1      | Learned a level 3 spell: Inner Flame
   621 | D:2      | Found Tumie's Book Shoppe.
   726 | D:2      | Reached skill level 1 in Fire Magic
   980 | D:2      | Found Ysses's Armour Shop.
  1310 | D:3      | Noticed Natasha
  1431 | D:3      | Killed Natasha
  1432 | D:3      | Reached XP level 4. HP: 33/33 MP: 6/6
  1706 | D:3      | Noticed Natasha
  1708 | D:3      | Killed Natasha
  1709 | D:3      | Reached skill level 3 in Ranged Weapons
  1709 | D:3      | Reached XP level 5. HP: 38/38 MP: 7/7
  1766 | D:3      | Found a faded altar of an unknown god.
  1820 | D:3      | Noticed Natasha
  1822 | D:3      | Killed Natasha
  1853 | D:3      | Learned a level 3 spell: Tukima's Dance
  2228 | D:4      | Noticed Sigmund
  2232 | D:4      | Killed Sigmund
  2233 | D:4      | Reached skill level 5 in Hexes
  2233 | D:4      | Reached XP level 6. HP: 46/46 MP: 3/9
  2333 | D:4      | Noticed Blork the orc
  2348 | D:4      | Killed Blork the orc
  2349 | D:4      | Reached skill level 4 in Ranged Weapons
  2349 | D:4      | Reached XP level 7. HP: 25/51 MP: 5/10
  2446 | D:4      | Found a shimmering altar of Xom.
  2598 | D:4      | Learned a level 4 spell: Cause Fear
  2792 | D:5      | Entered Level 5 of the Dungeon
  2933 | D:5      | Found a staircase to the Ecumenical Temple.
  2947 | Temple   | Entered the Ecumenical Temple
  3130 | Temple   | Became a worshipper of Dithmenos the Shadowed
  3469 | D:5      | Reached XP level 8. HP: 58/58 MP: 12/12
  3590 | D:5      | Reached skill level 5 in Ranged Weapons
  4021 | D:6      | Noticed Duvessa
  4021 | D:6      | Noticed Dowan
  4090 | D:6      | Killed Duvessa
  4260 | D:6      | Killed Dowan
  4327 | D:6      | Noticed Edmund
  4328 | D:6      | Identified the +1 chain mail of Xoucw {Dex+2}
  4416 | D:5      | Killed Edmund
  4417 | D:5      | Reached skill level 6 in Ranged Weapons
  4528 | D:5      | Learned a level 3 spell: Summon Guardian Golem
  4602 | D:6      | Reached XP level 9. HP: 34/66 MP: 13/15
  4958 | D:6      | Noticed Menkaure
  4960 | D:6      | Reached * piety under Dithmenos
  4963 | D:6      | Killed Menkaure
  4973 | D:6      | Found a bloodstained altar of Trog.
  5010 | D:6      | Reached skill level 5 in Fighting
  5055 | D:6      | Noticed a wizard
  5058 | D:6      | Killed a wizard
  5252 | D:7      | Reached skill level 7 in Ranged Weapons
  5257 | D:7      | Noticed a kobold demonologist
  5267 | D:7      | Killed a kobold demonologist
  5467 | D:7      | Reached skill level 5 in Spellcasting
  5547 | D:7      | Noticed a troll
  5561 | D:7      | Killed a troll
  5562 | D:7      | Reached skill level 1 in Shields
  5562 | D:7      | Reached XP level 10. HP: 74/74 MP: 17/17
  5726 | D:7      | Learned a level 3 spell: Portal Projectile
  5729 | D:7      | Learned a level 2 spell: Wereblood
  6045 | D:7      | Reached skill level 8 in Ranged Weapons
  6608 | D:8      | Noticed Psyche
  6621 | D:8      | Killed Psyche
  6749 | D:8      | Found a flagged portal.
  6760 | Bailey   | Entered a bailey
  6787 | Bailey   | Reached skill level 1 in Translocations
  6792 | Bailey   | Reached skill level 10 in Hexes
  6876 | Bailey   | Noticed Prince Ribbit
  6876 | Bailey   | Noticed a vault guard
  6894 | Bailey   | Killed a vault guard
  6896 | Bailey   | Killed Prince Ribbit
  7068 | Bailey   | Noticed a vault guard
  7097 | Bailey   | Killed a vault guard
  7098 | Bailey   | Reached skill level 9 in Ranged Weapons
  7098 | Bailey   | Reached XP level 11. HP: 27/83 MP: 4/19
  7347 | D:8      | Reached ** piety under Dithmenos
  7391 | D:8      | Noticed Joseph
  7391 | D:8      | Noticed a two-headed ogre
  7415 | D:8      | Killed a two-headed ogre
  7416 | D:8      | Reached skill level 5 in Shields
  7498 | D:8      | Killed Joseph
  7594 | D:8      | Identified a scroll of acquirement
  7595 | D:8      | Acquired 847 gold pieces
  7809 | D:2      | Bought a +2 robe of resistance for 452 gold pieces
  7809 | D:2      | Bought the +0 cloak "Olir" {Str+2 Int+4} for 289 gold
                  | pieces
  7843 | D:2      | Bought a book of the Hunter for 338 gold pieces
  8120 | D:8      | Noticed Maurice
  8125 | D:8      | Killed Maurice
  8332 | D:8      | Noticed Grum
  8341 | D:8      | Killed Grum
  8399 | D:8      | Reached skill level 10 in Ranged Weapons
  8630 | D:9      | Found a staircase to the Orcish Mines.
  8658 | D:9      | Found a runed translucent door.
  8665 | D:9      | Noticed a two-headed ogre
  8676 | D:9      | Killed a two-headed ogre
  8814 | D:9      | Noticed a white ugly thing
  8958 | D:9      | Noticed a cyclops
  8967 | D:9      | Reached *** piety under Dithmenos
  9114 | D:9      | Killed a cyclops
  9115 | D:9      | Reached XP level 12. HP: 35/92 MP: 19/22
  9132 | D:9      | Noticed a two-headed ogre
  9137 | D:9      | Killed a two-headed ogre
  9434 | D:9      | Noticed a centaur warrior
  9444 | D:9      | Killed a centaur warrior
  9445 | D:9      | Reached skill level 11 in Ranged Weapons
 10038 | D:9      | Learned a level 4 spell: Passage of Golubria
 10053 | D:10     | Entered Level 10 of the Dungeon
 10200 | D:10     | Found an opulent altar of Gozag.
 10214 | D:10     | Found a basalt altar of Yredelemnul.
 10214 | D:10     | Found a white marble altar of Elyvilon.
 10214 | D:10     | Found an ornate altar of the Wu Jian Council.
 10215 | D:10     | Found a broken altar of Ashenzari.
 10451 | D:10     | Reached skill level 5 in Translocations
 10754 | D:10     | Reached **** piety under Dithmenos
 11046 | D:11     | Noticed a two-headed ogre
 11052 | D:11     | Killed a two-headed ogre
 11139 | D:11     | Noticed a two-headed ogre
 11151 | D:11     | Killed a two-headed ogre
 11152 | D:11     | Reached skill level 12 in Ranged Weapons
 11152 | D:11     | Reached XP level 13. HP: 63/101 MP: 19/24
 11512 | D:11     | Identified the ring of Kindness {rC+ Dex+4}
 11530 | D:11     | Found a staircase to the Lair.
 11684 | D:11     | Found a runed translucent door.
 11685 | D:11     | Noticed Ananasrisotto's ghost (journeyman MiHu)
 12093 | D:11     | Killed Ananasrisotto's ghost
 12736 | D:12     | Learned a level 4 spell: Leda's Liquefaction
 13451 | D:13     | Noticed a centaur warrior
 13466 | D:13     | Killed a centaur warrior
 13669 | D:13     | Noticed a centaur warrior
 13685 | D:13     | Killed a centaur warrior
 13738 | D:13     | Reached skill level 10 in Fighting
 13777 | D:13     | Reached skill level 13 in Ranged Weapons
 13779 | D:13     | Noticed a centaur warrior
 13828 | D:13     | Killed a centaur warrior
 14262 | D:13     | Noticed a centaur warrior
 14267 | D:13     | Noticed a centaur warrior
 14267 | D:13     | Noticed an ogre mage
 14274 | D:13     | Killed a centaur warrior
 14286 | D:13     | Killed an ogre mage
 14290 | D:13     | Killed a centaur warrior
 14524 | D:13     | Reached XP level 14. HP: 110/110 MP: 4/26
 15144 | D:13     | Found a gate to the Vaults.
 15187 | D:14     | Noticed Josephine
 15211 | D:13     | Killed Josephine
 15579 | D:14     | Reached ***** piety under Dithmenos
 15680 | D:14     | Reached skill level 1 in Transmutations
 15981 | D:14     | Found a hide-covered altar of Uskayaw.
 16053 | D:14     | Reached skill level 14 in Ranged Weapons
 16554 | Lair:1   | Entered Level 1 of the Lair of Beasts
 16561 | Lair:1   | Learned a level 5 spell: Yara's Violent Unravelling
 17167 | Lair:1   | Identified the ring "Juliopt" {rPois Str+4 SInv Stlth-}
 18246 | Lair:2   | Found a staircase to the Shoals.
 19019 | Lair:2   | You fall into a shaft and drop 2 floors!
 19197 | Lair:3   | Found a staircase to the Snake Pit.
 19207 | Lair:3   | Reached skill level 10 in Spellcasting
 19356 | Lair:3   | Reached XP level 15. HP: 111/119 MP: 29/29
 19377 | Lair:3   | Found a runed translucent door.
 19390 | Lair:3   | Noticed Ydonikav's ghost (journeyman GnHu)
 19430 | Lair:3   | Found a frozen archway.
 19448 | IceCv    | Entered an ice cave
 20043 | IceCv    | Noticed a reaper
 20055 | IceCv    | Killed a reaper
 20390 | Lair:3   | Reached skill level 15 in Ranged Weapons
 21259 | Lair:3   | Killed Ydonikav's ghost
 21576 | Lair:4   | Reached skill level 5 in Transmutations
 21805 | Lair:4   | Found a runed translucent door.
 21806 | Lair:4   | Noticed bezhaha's ghost (adept DjFE)
 22229 | Lair:4   | Killed bezhaha's ghost
 22342 | Lair:5   | Entered Level 5 of the Lair of Beasts
 22734 | D:2      | Bought a book of Chaos for 650 gold pieces
 23145 | Lair:4   | Reached ****** piety under Dithmenos
 23391 | Lair:4   | Reached skill level 1 in Invocations
 23511 | Lair:5   | Reached skill level 15 in Hexes
 23883 | Lair:5   | Identified the amulet "Oli Ulat" {Reflect Rampage rN+ Dex+4
                  | SH+5}
 23917 | Lair:5   | Reached skill level 16 in Ranged Weapons
 24053 | Lair:5   | Reached XP level 16. HP: 96/129 MP: 10/30
 24490 | Lair:5   | Found a viscous altar of Jiyva.
 24490 | Lair:5   | Found a staircase to the Slime Pits.
 25217 | Orc:1    | Entered Level 1 of the Orcish Mines
 25395 | Orc:2    | Entered Level 2 of the Orcish Mines
 25817 | Orc:2    | Found Qasust's General Store.
 25819 | Orc:2    | Found Honkedeg's General Store.
 25999 | Orc:2    | Found a staircase to the Elven Halls.
 26500 | Orc:2    | Reached skill level 5 in Invocations
 26601 | Orc:2    | Found Boaneosa's Jewellery Shop.
 26601 | Orc:2    | Found Upivolyu's Antique Armour Boutique.
 26602 | Orc:2    | Found a one-way gate leading to the halls of Pandemonium.
 26613 | Orc:2    | Bought the ring "Ecimeinuocw" {rC+ rN+ Int+3} for 483 gold
                  | pieces
 26617 | Orc:2    | Bought a pitted scale mail for 216 gold pieces
 26617 | Orc:2    | Identified the +1 scale mail of the Barracuda {*Slow Regen+
                  | Dex+3 Stlth+} (You bought it in a shop on level 2 of the
                  | Orcish Mines)
 26826 | Snake:1  | Entered Level 1 of the Snake Pit
 27361 | Snake:1  | Identified the ring "Ufit Eff" {Wiz Int+6 Dex+7}
 27455 | Snake:1  | Reached skill level 17 in Ranged Weapons
 27462 | Snake:1  | Killed from afar by a shock serpent

Illustrated notes

Levels and vault maps discovered:
D:1:      minmay_arrival_stone_box, layout_basic
D:2:      layout_basic, serial_shops, nicolae_diamond_shop,
          nicolae_shop_waterfront
D:3:      layout_basic, hellmonk_ecumenical_altar_heavens_door, uniq_natasha
D:4:      layout_basic, mainiacjoe_overflow_24_doors, uniq_blork_the_orc,
          uniq_sigmund
D:5:      layout_basic, minmay_temple_entry_crystal_x
D:6:      layout_rooms, trog_wizard, minmay_between, uniq_menkaure,
          uniq_duvessa, uniq_edmund
D:7:      layout_basic, minmay_manual_mandibuliform
D:8:      layout_basic, enter_bailey_2, uniq_maurice, uniq_psyche, uniq_joseph,
          uniq_grum
D:9:      minmay_the_grid_four_pointed_star
          [minmay_the_grid_triangle_9x9_sparse_checkered,
          minmay_the_grid_triangle_9x9_subtriangle,
          minmay_the_grid_triangle_9x9_zippers_vertical,
          minmay_the_grid_triangle_9x9_sprig,
          minmay_the_grid_prize_inner_circle], layout_irregular_city
D:10:     layout_irregular_city, minitemple, grunt_ministairs_3,
          kennysheep_cluttered_room, dk_noncrumbling_4, st_stairs_11,
          dreamdust_wishing_well
D:11:     layout_cave_pools, hellmonk_lair_entry_icy,
          ebering_ghost_reflecting_pool, gauntlet_entry_generic, minivault_23
D:12:     layout_irregular_city
D:13:     layout_loops_ring, david_vaults_5
D:14:     layout_long_grid, nicolae_sextant, nicolae_uskayaw_suspiria,
          uniq_josephine
Temple:   bh_familiar_temple
Lair:1:   layout_concentric_octagons, cheibrodos_lair_lostbears,
          serial_bayou_shore_a
Lair:2:   layout_cave_pods, minmay_shoals_entry_centaurs,
          infiniplex_staircase_pool
Lair:3:   layout_gridlike, guppyfry_snake_entry_garden, portal_ice_cave_rime,
          ebering_ghost_reflecting_pool, chequers_serial_rivers_micro_d,
          grunt_megastairs_1, serial_bayou_shore_b
Lair:4:   layout_hall_layers, ebering_ghost_reflecting_pool,
          serial_bayou_shore_b
Lair:5:   gammafunk_lair_ancient_temple, layout_long_grid,
          minmay_slime_entry_oklob_open, infiniplex_staircase_pool_2
Snake:1:  layout_concentric_octagons, nicolae_snake_snake_lake,
          grunt_megastairs_3, lemuel_fruit_tree
Orc:1:    layout_caves, mines4_lemuel
Orc:2:    pf_orc_diabolical, layout_caves, basic_altar

Skill      XL: |  1  2  3  4  5  6  7  8  9 10 11 12 13 14 15 16 |
---------------+-------------------------------------------------+-----
Hexes          | 4 5 6 7 9 10 11 12 13 14 15 | 15.6
Fire Magic     | 1 2 3 |  3.0
Fighting       | 2 3 4 5 6 7 9 10 11 12 13 | 13.2
Ranged Weapons | 3 4 6 7 9 10 12 13 14 16 17 | 17.0
Spellcasting   | 2 3 4 5 6 7 8 10 11 | 11.2
Shields        | 1 4 5 |  5.0
Translocations | 2 4 5 7 |  7.0
Transmutations | 3 5 |  5.0
Invocations    | 3 5 |  5.7
Dodging        | |  1.7

Action                   |  1- 3 |  4- 6 |  7- 9 | 10-12 | 13-15 | 16-18 || total
-------------------------+-------+-------+-------+-------+-------+-------++-------
 Fire: Sling             |    78 |    75 |   292 |   403 |   267 |       ||  1115
       Arbalest          |       |       |       |       |   816 |   358 ||  1174
Throw: Dart              |       |       |       |       |    10 |       ||    10
       Throwing net      |       |       |       |       |     1 |       ||     1
 Cast: Slow              |     1 |       |     8 |    13 |     3 |       ||    25
       Inner Flame       |       |     2 |     8 |    34 |    71 |    14 ||   129
       Tukima's Dance    |       |     4 |    14 |    37 |    29 |    15 ||    99
       Cause Fear        |       |       |     7 |    22 |    32 |       ||    61
       Summon Guardian G |       |       |     2 |    13 |    34 |     2 ||    51
       Portal Projectile |       |       |       |    12 |    29 |    10 ||    51
       Passage of Golubr |       |       |       |     2 |     5 |       ||     7
       Leda's Liquefacti |       |       |       |       |    19 |     3 ||    22
       Wereblood         |       |       |       |       |     2 |    11 ||    13
       Yara's Violent Un |       |       |       |       |       |     2 ||     2
 Abil: Dig               |       |       |       |     1 |     9 |     5 ||    15
Evoke: Wand              |       |       |       |     2 |       |       ||     2
  Use: Scroll            |       |       |     7 |     9 |    10 |     1 ||    27
       Potion            |       |       |       |     2 |     1 |     3 ||     6
Armor: Robe              |     9 |     7 |    39 |    46 |   156 |    25 ||   282
Dodge: Dodged            |    17 |    30 |    91 |    75 |   303 |    38 ||   554
Block: Buckler           |       |       |       |    56 |   250 |    83 ||   389
       Reflection        |       |       |       |       |       |    12 ||    12

Table legend: (Time is in decaauts)
 A = Elapsed time spent in this place.
 B = Non-inter-level travel time spent in this place.
 C = Inter-level travel time spent in this place.
 D = Time resting spent in this place.
 E = Time spent auto-exploring this place.
 F = Levels seen in this place.
 G = Mean time per level.
                   A        B        C        D        E       F      G
               +--------+--------+--------+--------+--------+-----+--------+
         Total |  27767 |  25573 |   2194 |   5356 |  14757 |  25 | 1110.7 |
       Dungeon |  16482 |  14936 |   1546 |   2826 |   9024 |  14 | 1177.3 |
        Temple |    205 |    154 |     51 |      0 |    149 |   1 |  205.0 |
          Lair |   7557 |   7034 |    523 |   1142 |   4646 |   5 | 1511.4 |
     Snake Pit |    641 |    641 |      0 |    318 |    197 |   1 |  641.0 |
  Orcish Mines |   1471 |   1398 |     73 |    367 |    587 |   2 |  735.5 |
        Bailey |    535 |    535 |      0 |    314 |     61 |   1 |  535.0 |
      Ice Cave |    872 |    872 |      0 |    388 |     92 |   1 |  872.0 |
               +--------+--------+--------+--------+--------+-----+--------+

Top non-repeatable levels by time:
    D:13: 1887 daAuts
  Lair:1: 1844 daAuts
  Lair:4: 1678 daAuts
  Lair:5: 1586 daAuts
     D:9: 1569 daAuts
     D:5: 1553 daAuts
     D:7: 1464 daAuts
    D:12: 1332 daAuts
  Lair:2: 1320 daAuts
   Orc:2: 1290 daAuts
     D:8: 1262 daAuts
    D:11: 1237 daAuts
    D:10: 1188 daAuts
  Lair:3: 1127 daAuts
    D:14: 978 daAuts
